 Dungeon Crawl Stone Soup version 0.30-a0-630-g881e3bac89 (webtiles) character file.

Game seed: 5523201944362042071

10588 M4edhros the Geomancer (level 11, -3/60 HPs)
             Began as a Vine Stalker Monk on Jan 13, 2023.
             Was a High Priest of Cheibriados.
             Slain by a shock serpent (8 damage)
             ... on level 1 of the Snake Pit.
             The game lasted 00:25:06 (4250 turns).

M4edhros the Geomancer (Vine Stalker Monk)          Turns: 4250, Time: 00:25:07

Health: -3/60      AC: 27    Str: 30    XL:     11   Next: 64%
Magic:  0/12       EV: 14    Int: 25    God:    Cheibriados [*****.]
Gold:   240        SH:  0    Dex: 32    Spells: 5/10 levels left

rFire   . . .      SeeInvis .    A - +5 executioner's axe of the Telling Sybil {protect, Str+3}
rCold   . . .      Faith    .    (shield currently unavailable)
rNeg    . . .      Spirit   +    P - +10 plate armour {ponderous}
rPois   +          Reflect  .    B - +2 helmet {Int+3}
rElec   .          Harm     .    (no cloak)
rCorr   .          Rampage  .    (no gloves)
Will    +....                    (no boots) Stlth
                                 p - amulet of regeneration
HPRegen 1.90/turn                j - +4 ring of protection
MPRegen 0.13/turn                M - ring of poison resistance

@: studying Earth Magic, invisible, very slow
A: fangs 3, regeneration 1, magic shield, antimagic bite, no potion heal 2
a: Renounce Religion, Bend Time, Temporal Distortion, Slouch, Step From Time


You were on level 1 of the Snake Pit.
You worshipped Cheibriados.
Cheibriados was extremely pleased with you.
You visited 4 branches of the dungeon, and saw 16 of its levels.

You collected 1213 gold pieces.
You spent 973 gold pieces at shops.

Inventory:

Hand Weapons
 A - the +5 executioner's axe of the Telling Sybil (weapon) {protect, Str+3}
   (You acquired it on level 1 of the Dungeon)

   Str:       It affects your strength (+3).
Missiles
 l - 10 poisoned darts (quivered)
Armour
 a - a +1 robe
 s - a +0 ring mail
 x - the +1 chain mail of Disguise {rF++ Will+++ Str-4 Stlth-}
   (You bought it in a shop on level 1 of the Dungeon)

   Str:       It affects your strength (-4).
   rF:        It greatly protects you from fire.
   Will:      It greatly increases your willpower.
   Stlth:     It makes you less stealthy.
 B - a +2 helmet of intelligence (worn)
 C - a +2 tower shield
 D - the +2 robe "Yqeap" {rF+ Regen+ Slay+3}
   (You bought it in a shop on level 4 of the Dungeon)

   Slay:      It affects your accuracy & damage with ranged weapons and melee
   (+3).
   rF:        It protects you from fire.
   Regen:     It increases your rate of health regeneration.
 J - a +0 troll leather armour
 L - a +0 kite shield
 P - a +10 plate armour of ponderousness (worn)
Jewellery
 j - a +4 ring of protection (left hand)
 k - a ring of magical power
 p - an amulet of regeneration (around neck)
 u - an amulet of magic regeneration
 y - a ring of fire
 E - an amulet of reflection
 G - a ring of wizardry
 M - a ring of poison resistance (right hand)
Wands
 g - a wand of iceblast (10)
 n - a wand of charming (14)
 F - a wand of polymorph (14)
 I - a wand of acid (2)
 O - a wand of mindburst (7)
Scrolls
 c - 2 scrolls of identify
 d - 2 scrolls of vulnerability
 e - a scroll of fog
 h - a scroll of fear
 t - 3 scrolls of poison
 v - a scroll of enchant weapon
 w - a scroll of noise
 H - 2 scrolls of enchant armour
 N - 2 scrolls of immolation
Potions
 b - a potion of ambrosia
 f - 2 potions of heal wounds
 i - a potion of magic
 m - a potion of invisibility
 o - 4 potions of curing
 q - 2 potions of lignification
 r - 3 potions of cancellation
 z - 2 potions of degeneration
 K - 2 potions of brilliance


   Skills:
 + Level 8.2 Fighting
 * Level 8.6 Axes
 + Level 0.0 Armour
 - Level 7.5 Dodging
 - Level 2.4 Stealth
 - Level 7.9 Unarmed Combat
 + Level 9.4 Earth Magic


You had 5 spell levels left.
You knew the following spells:

 Your Spells              Type           Power      Damage    Failure   Level
a - Ensorcelled Hibernat  Hex/Ice        0%         N/A       95%         2
b - Stone Arrow           Conj/Erth      46%        3d9       58%         3

Your spell library contained the following spells:

 Spells                   Type           Power      Damage    Failure   Level
 Sandblast                Erth           94%        2d19      3%          1
 Passwall                 Tmut/Erth      19%        N/A       36%         2
 Ignite Poison            Fire/Tmut/Pois 0%         N/A       99%         3
 Kindle Blastsparks       Fire/Tloc/Air  0%         2d10      99%         3
 Spider Form              Tmut/Pois      0%         N/A       99%         3
 Swiftness                Air            0%         N/A       99%         3
 Anguish                  Hex/Necr       0%         N/A       100%        4
 Freezing Cloud           Conj/Ice/Air   0%         6-21      100%        5


Dungeon Overview and Level Annotations

Branches:
Dungeon (11/15)            Temple (1/1) D:5            Lair (3/5) D:11
  Snake (1/4) Lair:3
  Swamp: Lair:2-3    Shoals: Lair:2-3       Orc: D:9-12

Altars:
Ashenzari
Cheibriados
Elyvilon
Hepliaklqana
Makhleb
Okawaru
Qazlal
Ru
Sif Muna
Uskayaw
Vehumet
Yredelemnul
Zin
The Shining One

Shops:
D:1 [   D:4 [


Innate Abilities, Weirdness & Mutations

You have razor-sharp teeth.
Your natural rate of healing is unusually fast.
When hurt, damage is shared between your health and your magic reserves.
Your bite disrupts and absorbs the magic of your enemies.
Potions cannot restore your health.


Message History

The shock serpent hisses angrily.
The shock serpent shoots out a bolt of lightning at you!
The bolt of electricity hits you!
The shock serpent shoots out a bolt of lightning at you!
The bolt of electricity hits you!
The shock serpent shoots out a bolt of lightning at you!
The bolt of electricity hits you!!
Aiming: Mindburst
Press: ? - help, Shift-Dir - straight line, f - shock serpent
Aim: a shock serpent (chance to affect: 47%)
Okay, then.
That's the wrong kind of item! (Use * to select it.) Evoke which item? (* to show all) (? for menu, Esc to quit)
Okay, then.
Aiming: Charm
Press: ? - help, Shift-Dir - straight line, f - shock serpent
Aim: a shock serpent (chance to affect: 31%)
Okay, then.
Okay, then.
Unknown command.
Unknown command.
Unknown command.
You fade into invisibility!
Unknown command.
Unknown command.
Okay, then.
Okay, then.
Unknown command.
Aiming: Iceblast
Press: ? - help, Shift-Dir - straight line The mass of ice explodes!
The iceblast engulfs the shock serpent!
The shock serpent is moderately wounded.
The shock serpent's electric aura discharges, shocking you!
You hear a shout!
The shock serpent bites you!
* * * LOW HITPOINT WARNING * * *
The shock serpent shocks you!
* * * LOW HITPOINT WARNING * * *
The shock serpent bites you!
You die...

#.. ..## .## ....
#..##..##
...!.##.......###
.....#..........##
#................#
#...............##
##...†...........#
#....[..S.......##
##...###.@.......###
#### ###.........##
##............#
#.............#
#.##.........#
#.#....<.....# #
#..#>...####
#..#.#..###
#.##.#.##


You could see a shock serpent (unable to see you).

Vanquished Creatures
  A naga ritualist (Snake:1)
  A mana viper (Snake:1)
  7 elephants
  3 black mambas (Snake:1)
  A rime drake (Lair:2)
  A komodo dragon (D:10)
  A kobold demonologist (D:10)
  A troll (D:10)
  Grinder (D:4)
  2 hornets (D:9)
  Sigmund (D:5)
  A wraith (D:9)
  A basilisk (D:11)
  4 nagas
  2 acid dragons
  3 water moccasins (Lair:2)
  2 orc warriors
  3 black bears
  2 ice beasts
  A centaur (D:10)
  5 bullfrogs
  A gnoll sergeant (D:11)
  A necrophage (D:4)
  7 killer bees
  3 hounds
  A jelly (D:6)
  4 orc priests
  6 hell rats (Lair:2)
  2 iguanas (D:5)
  7 orc wizards
  13 gnolls
  8 adders
  A worm (D:2)
  A dart slug (D:3)
  23 orcs
  5 bats
  6 endoplasms
  3 giant cockroaches
  7 goblins
  8 hobgoblins
  4 jackals (D:1)
  5 kobolds
  2 quokkas
  9 ball pythons
  3 frilled lizards
  7 rats
181 creatures vanquished.

Vanquished Creatures (collateral kills)
  Nergalle (D:11)
  Sonja (D:11)
  A gnoll (D:4)
3 creatures vanquished.

Vanquished Creatures (others)
  A jelly (D:4)
  2 bushes (Lair:2)
  8 fungi
  34 plants
45 creatures vanquished.

Grand Total: 229 creatures vanquished

Notes
Turn   | Place    | Note
-------+----------+-------------------------------------------
     0 | D:1      | M4edhros the Vine Stalker Monk began the quest for the Orb.
     0 | D:1      | Reached XP level 1. HP: 11/11 MP: 2/2
    10 | D:1      | You fall into a shaft and drop 1 floor!
   157 | D:2      | Reached XP level 2. HP: 6/16 MP: 3/3
   266 | D:3      | Reached XP level 3. HP: 15/20 MP: 2/4
   719 | D:4      | Found Maeresu's Antique Armour Emporium.
   834 | D:4      | Noticed an ice beast
   874 | D:4      | Killed an ice beast
   875 | D:4      | Gained mutation: Your natural rate of healing is unusually
                  | fast. [Vine Stalker growth]
   875 | D:4      | Reached XP level 4. HP: 21/24 MP: 5/5
   875 | D:4      | Reached XP level 5. HP: 25/28 MP: 6/6
   912 | D:4      | Found a basalt altar of Yredelemnul.
  1046 | D:4      | Found a radiant altar of Vehumet.
  1230 | D:4      | Found a glowing golden altar of the Shining One.
  1277 | D:5      | Entered Level 5 of the Dungeon
  1314 | D:5      | Reached skill level 5 in Unarmed Combat
  1315 | D:5      | Reached XP level 6. HP: 31/33 MP: 7/7
  1320 | D:5      | Noticed a black bear
  1331 | D:5      | Learned a level 2 spell: Ensorcelled Hibernation
  1344 | D:5      | Killed a black bear
  1355 | D:5      | Found a broken altar of Ashenzari.
  1364 | D:5      | Noticed Sigmund
  1364 | D:5      | Noticed an orc warrior
  1448 | D:4      | Noticed Grinder
  1451 | D:4      | Paralysed by Grinder for 3 turns
  1463 | D:4      | Killed Grinder
  1464 | D:4      | Reached XP level 7. HP: 38/38 MP: 8/8
  1946 | D:5      | Gained mutation: You have razor-sharp teeth. [Vine Stalker
                  | growth]
  1946 | D:5      | Reached XP level 8. HP: 42/42 MP: 9/9
  1959 | D:5      | Killed Sigmund
  1960 | D:5      | Reached skill level 5 in Fighting
  2135 | D:5      | Found a staircase to the Ecumenical Temple.
  2168 | Temple   | Entered the Ecumenical Temple
  2185 | Temple   | Became a worshipper of Cheibriados the Contemplative
  2185 | Temple   | Reached * piety under Cheibriados
  2185 | Temple   | Reached ** piety under Cheibriados
  2730 | D:1      | Found Emynuuh's Antique Armour Emporium.
  2732 | D:1      | Reached *** piety under Cheibriados
  2854 | D:1      | Identified 3 scrolls of acquirement
  2856 | D:1      | Acquired the +5 executioner's axe of the Telling Sybil
                  | {protect, Str+3}
  2859 | D:1      | Acquired 768 gold pieces
  2861 | D:1      | Acquired a manual of Earth Magic
  2910 | D:1      | Bought a transparent chain mail for 218 gold pieces
  2910 | D:1      | Identified the +1 chain mail of Disguise {rF++ Will+++
                  | Str-4 Stlth-} (You bought it in a shop on level 1 of the
                  | Dungeon)
  2910 | D:1      | Bought an ichor-stained leather armour for 161 gold pieces
  2910 | D:1      | Identified the +1 leather armour of the Dungeon {Int+2}
                  | (You bought it in a shop on level 1 of the Dungeon)
  2910 | D:1      | Bought a glowing tower shield for 172 gold pieces
  3288 | D:4      | Bought a shiny helmet for 240 gold pieces
  3288 | D:4      | Bought a colourful robe for 182 gold pieces
  3288 | D:4      | Identified the +2 robe "Yqeap" {rF+ Regen+ Slay+3} (You
                  | bought it in a shop on level 4 of the Dungeon)
  3308 | D:4      | Learned a level 3 spell: Stone Arrow
  3349 | D:6      | Reached skill level 5 in Dodging
  3385 | D:7      | Reached skill level 1 in Axes
  3385 | D:7      | Reached skill level 1 in Earth Magic
  3394 | D:8      | Found a hazy altar of Hepliaklqana.
  3406 | D:8      | Reached skill level 2 in Earth Magic
  3439 | D:8      | Reached XP level 9. HP: 39/48 MP: 10/10
  3502 | D:9      | Reached **** piety under Cheibriados
  3525 | D:9      | Reached skill level 3 in Earth Magic
  3530 | D:9      | Noticed a hornet
  3542 | D:9      | Killed a hornet
  3553 | D:9      | Noticed a hornet
  3561 | D:9      | Killed a hornet
  3621 | D:9      | Reached skill level 4 in Earth Magic
  3668 | D:10     | Entered Level 10 of the Dungeon
  3709 | D:10     | Noticed a kobold demonologist
  3723 | D:10     | Killed a kobold demonologist
  3750 | D:10     | Noticed a troll
  3781 | D:10     | Killed a troll
  3782 | D:10     | Reached skill level 5 in Earth Magic
  3821 | D:11     | Noticed a komodo dragon
  3830 | D:10     | Killed a komodo dragon
  3831 | D:10     | Reached skill level 5 in Axes
  3831 | D:10     | Reached XP level 10. HP: 45/53 MP: 11/11
  3880 | D:11     | Noticed Sonja
  3885 | D:11     | Reached skill level 6 in Earth Magic
  3885 | D:11     | Noticed Nergalle
  3889 | D:11     | Killed Nergalle
  3896 | D:11     | Killed Sonja
  3909 | D:11     | Reached skill level 7 in Earth Magic
  3934 | D:11     | Found a staircase to the Lair.
  3945 | Lair:1   | Entered Level 1 of the Lair of Beasts
  4069 | Lair:2   | Reached ***** piety under Cheibriados
  4079 | Lair:2   | Noticed an elephant
  4079 | Lair:2   | Noticed an elephant
  4079 | Lair:2   | Noticed an elephant
  4080 | Lair:2   | Noticed an elephant
  4087 | Lair:2   | Killed an elephant
  4088 | Lair:2   | Killed an elephant
  4089 | Lair:2   | Reached skill level 8 in Earth Magic
  4089 | Lair:2   | Reached XP level 11. HP: 49/58 MP: 12/12
  4163 | Lair:3   | Found a staircase to the Snake Pit.
  4180 | Snake:1  | Entered Level 1 of the Snake Pit
  4180 | Snake:1  | Noticed a naga ritualist
  4180 | Snake:1  | Noticed a mana viper
  4182 | Snake:1  | Killed a naga ritualist
  4183 | Snake:1  | Reached skill level 9 in Earth Magic
  4187 | Snake:1  | Killed a mana viper
  4219 | Snake:1  | Noticed a shock serpent
  4250 | Snake:1  | Slain by a shock serpent

Illustrated notes

Levels and vault maps discovered:
D:1:      amcnicky_arrival_wind_blow, layout_loops_cross, serial_shops,
          shop_statue
D:2:      layout_basic, nicolae_grassy_gnolls
D:3:      layout_loops_ring, mainiacjoe_overflow_surrounded_room,
          minmay_splitting_lines, dreamdust_mushroom_princess, chequers_avenue,
          uniq_jessica
D:4:      layout_basic, nicolae_tso_swordbearing_angel,
          mainiacjoe_overflow_boulevard, nicolae_overflow_hidden_temple,
          serial_shops, nicolae_take_the_stairs, kennysheep_doodads,
          uniq_grinder
D:5:      layout_cave_pools, kennysheep_little_box, temple_pool_b,
          hangedman_decor_points, uniq_sigmund
D:6:      layout_cave_pods, minmay_increasing_density
D:7:      layout_loops_ring, minmay_checkerbox, uniq_joseph
D:8:      layout_cave_pools, mainiacjoe_overflow_catwalk
D:9:      layout_stronghold, mainiacjoe_overflow_big_doors,
          nicolae_eternal_life, grunt_ministairs_7
D:10:     layout_basic, palyth_stone_intersect, uniq_urug
D:11:     hellmonk_ruined_rings, layout_cross, grunt_lair_entry_orc_guard_hut,
          minmay_circle_x, uniq_nergalle, uniq_sonja
Temple:   zaba_magenta_temple
Lair:1:   layout_gridlike, grunt_megastairs_1
Lair:2:   layout_regular_city, nicolae_volcano_entry_vermiform,
          serial_bayou_lagoon_b
Lair:3:   layout_big_grid, minmay_shoals_entry_lonely_mermaid,
          nicolae_snake_entry_squirm, serial_bayou_pond_e
Snake:1:  layout_onion, serial_shops, nicolae_shop_crystal,
          hangedman_snake_corridor_cut, lemuel_fruit_tree, uniq_roxanne,
          uniq_aizul

Skill      XL: |  1  2  3  4  5  6  7  8  9 10 11 |
---------------+----------------------------------+-----
Fighting       | 3 4 5 6 7 8 |  8.2
Dodging        | 3 4 5 6 7 |  7.5
Unarmed Combat | 4 5 6 7 |  7.9
Axes           | 2 5 7 8 |  8.6
Earth Magic    | 2 5 8 9 |  9.4
Stealth        | |  2.4

Action                   |  1- 3 |  4- 6 |  7- 9 | 10-12 || total
-------------------------+-------+-------+-------+-------++-------
Melee: Unarmed           |    87 |    83 |   164 |       ||   334
       Bite              |    29 |    28 |    74 |    17 ||   148
       Punch             |     3 |     2 |    10 |       ||    15
       Executioner's axe |       |       |    66 |    82 ||   148
Throw: Throwing net      |       |       |     1 |       ||     1
 Cast: Ensorcelled Hiber |       |     2 |       |       ||     2
Evoke: Wand              |     4 |     2 |       |     6 ||    12
  Use: Potion            |     1 |     1 |       |     1 ||     3
       Scroll            |       |     7 |    11 |     2 ||    20
 Stab: Sleeping          |     5 |     1 |     6 |     2 ||    14
       Invisible         |     2 |       |       |       ||     2
       Distracted        |       |       |       |     1 ||     1
Armor: Robe              |    14 |    20 |    56 |    71 ||   161
       Ring mail         |       |       |    43 |       ||    43
       Plate armour      |       |       |       |     1 ||     1
Dodge: Dodged            |    60 |    60 |   190 |   169 ||   479

Table legend: (Time is in decaauts)
 A = Elapsed time spent in this place.
 B = Non-inter-level travel time spent in this place.
 C = Inter-level travel time spent in this place.
 D = Time resting spent in this place.
 E = Time spent auto-exploring this place.
 F = Levels seen in this place.
 G = Mean time per level.
                   A        B        C        D        E       F      G
               +--------+--------+--------+--------+--------+-----+--------+
         Total |   5383 |   4431 |    952 |      4 |    545 |  16 |  336.4 |
       Dungeon |   4839 |   3936 |    903 |      4 |    545 |  11 |  439.9 |
        Temple |     39 |     18 |     21 |      0 |      0 |   1 |   39.0 |
          Lair |    408 |    381 |     27 |      0 |      0 |   3 |  136.0 |
     Snake Pit |     96 |     96 |      0 |      0 |      0 |   1 |   96.0 |
               +--------+--------+--------+--------+--------+-----+--------+

Top non-repeatable levels by time:
     D:4: 1195 daAuts
     D:1: 772 daAuts
     D:2: 699 daAuts
     D:3: 565 daAuts
     D:5: 560 daAuts
     D:9: 292 daAuts
    D:10: 285 daAuts
  Lair:2: 273 daAuts
     D:8: 175 daAuts
    D:11: 168 daAuts
 Snake:1: 96 daAuts
  Lair:3: 93 daAuts
     D:6: 73 daAuts
     D:7: 51 daAuts
  Lair:1: 41 daAuts
